 Dungeon Crawl Stone Soup version 0.29.1-15-g9cfb28693d (webtiles) character file.

Game seed: 10666562244530704441

366 safid the Chiller (level 6, -2/48 HPs)
             Began as a Merfolk Ice Elementalist on May 4, 2023.
             Slain by a water moccasin zombie (3 damage)
             ... in an ossuary on Sept 8, 2023.
             The game lasted 00:07:18 (4312 turns).

safid the Chiller (Merfolk Ice Elementalist)        Turns: 4312, Time: 00:07:19

Health: -2/48      AC:  5    Str:  8    XL:     6   Next: 68%
Magic:  9/12       EV: 16    Int: 17    God:
Gold:   117        SH:  0    Dex: 14    Spells: 6/13 levels left

rFire   . . .      SeeInvis .   m - +3 dagger (speed)
rCold   . . .      Faith    .   (no shield)
rNeg    . . .      Spirit   .   a - +0 robe
rPois   .          Reflect  .   (no helmet)
rElec   .          Harm     .   s - +0 cloak
rCorr   +          Rampage  .   (no gloves)
Will    .....                   h - +1 pair of boots
Stlth   ++........              (no amulet)
HPRegen 0.16/turn               k - ring of resist corrosion
MPRegen 0.13/turn               c - +4 ring of evasion

@: freezing walls, very slightly contaminated
A: (nimble swimmer 2), mertail
a: no special abilities


You were in an ossuary.
You visited 1 branch of the dungeon, and saw 4 of its levels.
You also visited: Ossuary.

You collected 213 gold pieces.
You spent 96 gold pieces at shops.

Inventory:

Hand Weapons
 m - a +3 dagger of speed (weapon)
Armour
 a - a +0 robe (worn)
 h - a +1 pair of boots (worn)
 s - a +0 cloak (worn)
Jewellery
 c - a +4 ring of evasion (right hand)
 k - a ring of resist corrosion (left hand)
Wands
 v - a wand of flame (15)
Scrolls
 e - a scroll of immolation {unknown}
 f - 5 scrolls of identify {unknown}
 o - a scroll of fear {unknown}
 p - 2 scrolls of magic mapping {unknown}
 q - a scroll of butterflies {unknown}
 r - 2 scrolls of blinking {unknown}
 t - 2 scrolls of enchant weapon {unknown}
Potions
 b - a potion of magic
 d - a potion of berserk rage {unknown}
 g - 2 potions of mutation {unknown}
 i - 2 potions of might {unknown}
 j - 6 potions of curing
 n - a potion of degeneration {unknown}
 u - a potion of flight {unknown}


   Skills:
 + Level 3.9 Fighting
 - Level 2.6 Dodging
 - Level 2.1 Stealth
 + Level 4.0 Spellcasting
 + Level 6.0 Ice Magic


You had 6 spell levels left.
You knew the following spells:

 Your Spells              Type           Power      Damage    Failure   Level
a - Freeze                Ice            96%        1d11      1%          1
b - Frozen Ramparts       Ice            48%        1d8       3%          3
c - Ozocubu's Armour      Ice            24%        N/A       3%          3

Your spell library contained the following spells:

 Spells                   Type           Power      Damage    Failure   Level
 Magic Dart               Conj           12%        1d3       16%         1
 Searing Ray              Conj           6%         2d4       24%         2
 Hailstorm                Conj/Ice       13%        3d5       41%         4
 Fulminant Prism          Conj/Hex       1%         3d6       83%         4
 Leda's Liquefaction      Hex/Erth       1%         N/A       83%         4
 Lee's Rapid Deconstruct  Erth           1%         3d5*      99%         5
 Statue Form              Tmut/Erth      2%         N/A       100%        6


Dungeon Overview and Level Annotations

Branches:
Dungeon (4/15)            Ossuary (1/1)
 Temple: D:4-7

Altars:
Ashenzari
Dithmenos
Elyvilon
Fedhas
Makhleb
Zin

Shops:
D:1 (   D:3 !   D:4 *[=**

Annotations:
D:4 3 runed translucent doors, Libra00's ghost, amateur TrFi


Innate Abilities, Weirdness & Mutations

((You are very nimble when in or above water. (Stealth+, EV+, Speed+++)))
Your lower body shifts to a powerful aquatic tail in water.


Message History

The hornet zombie hits you.
The water moccasin zombie completely misses you.
The centaur zombie closely misses you. The centaur zombie barely misses you.
Unknown command.
You hit the hornet zombie.
The hornet zombie is heavily damaged.
The hornet zombie hits you. The water moccasin zombie bites you.
* * * LOW HITPOINT WARNING * * *
The centaur zombie hits you.
* * * LOW HITPOINT WARNING * * *
The centaur zombie kicks you but does no damage.
Unknown command.
Casting: Frozen Ramparts (dangerous; 3% risk of failure)
Confirm with . or Enter, or press ? or * to list all spells.
You don't have enough magic to cast this spell.
Unknown command.
Magic courses through your body. The hornet zombie hits you.
* * * LOW HITPOINT WARNING * * *
The centaur zombie completely misses you.
The centaur zombie barely misses you.
A bog mummy comes into view.
The water moccasin zombie barely misses you.
Unknown command.
Casting: Frozen Ramparts (dangerous; 3% risk of failure)
Confirm with . or Enter, or press ? or * to list all spells.
Casting: Frozen Ramparts (dangerous; 3% risk of failure)
Press: ? - help, Dir - look around, f - activate The walls around you are covered in ice.
The hornet zombie resists.
The wall freezes the hornet zombie.
The hornet zombie hits you.
* * * LOW HITPOINT WARNING * * *
The centaur zombie completely resists.
The wall freezes the centaur zombie but does no damage.
The centaur zombie hits you.
* * * LOW HITPOINT WARNING * * *
The centaur zombie kicks you but does no damage.
The water moccasin zombie resists.
The wall freezes the water moccasin zombie.
The water moccasin zombie bites you.
You die...

..+ #.#
#M' +.#
#.'
###.###
#.ZZZ.#
#####@#
#∩..#.+
#.∩.'.#
#...#.+
#####.#
M.'
#+##


You could see a mummy, a bog mummy, a water moccasin zombie, a hornet zombie and
a centaur zombie.

Vanquished Creatures
  A bullfrog (D:4)
  An orc priest (D:3)
  A hound (D:4)
  An iguana (D:4)
  An orc wizard (D:3)
  4 mummies (Ossuary)
  A howler monkey zombie (Ossuary)
  5 adders
  3 worms
  3 orcs (D:3)
  6 ball pythons
  4 endoplasms
  5 giant cockroaches
  4 goblins
  5 hobgoblins
  7 jackals
  3 quokkas
  9 bats
  4 frilled lizards (D:1)
  7 kobolds
  5 rats
80 creatures vanquished.

Vanquished Creatures (others)
  3 withered plants (Ossuary)
3 creatures vanquished.

Grand Total: 83 creatures vanquished

Notes
Turn   | Place    | Note
-------+----------+-------------------------------------------
     0 | D:1      | safid the Merfolk Ice Elementalist began the quest for the
                  | Orb.
     0 | D:1      | Reached XP level 1. HP: 13/13 MP: 3/3
   360 | D:1      | Reached XP level 2. HP: 20/20 MP: 5/5
   361 | D:1      | Reached skill level 1 in Fighting
   538 | D:1      | Found Anugreir's Antique Weapon Shoppe.
   753 | D:1      | Reached XP level 3. HP: 26/26 MP: 3/6
  1638 | D:2      | Found a faded altar of an unknown god.
  2151 | D:2      | Reached skill level 5 in Ice Magic
  2151 | D:2      | Reached XP level 4. HP: 21/33 MP: 8/8
  2157 | D:2      | Learned a level 3 spell: Frozen Ramparts
  2161 | D:2      | Learned a level 3 spell: Ozocubu's Armour
  2285 | D:2      | Identified the +2 chain mail of Hodemen {Harm rElec rPois
                  | Int-2}
  2778 | D:3      | Found a shadowy altar of Dithmenos.
  3038 | D:3      | Reached XP level 5. HP: 39/39 MP: 9/9
  3124 | D:3      | Found Tuatucof's Distillery.
  3130 | D:3      | Bought a potion of curing for 36 gold pieces
  3130 | D:3      | Bought a potion of heal wounds for 60 gold pieces
  3555 | D:3      | Found a glowing silver altar of Zin.
  3556 | D:3      | Found a white marble altar of Elyvilon.
  3557 | D:3      | Found a blossoming altar of Fedhas.
  3558 | D:3      | Found a broken altar of Ashenzari.
  3560 | D:3      | Found a burning altar of Makhleb.
  3826 | D:4      | Reached XP level 6. HP: 45/47 MP: 4/11
  4099 | D:4      | Found a runed translucent gate.
  4100 | D:4      | Found a runed translucent gate.
  4101 | D:4      | Found a runed translucent gate.
  4104 | D:4      | Noticed Libra00's ghost (amateur TrFi)
  4138 | D:4      | Found Ocuba's Assorted Antiques.
  4140 | D:4      | Found Ruroet's Armour Shop.
  4140 | D:4      | Found Gapiacio's Assorted Antiques.
  4142 | D:4      | Found Vadghe's Jewellery Boutique.
  4188 | D:4      | Found Maptabb's Gadget Gallery.
  4232 | D:4      | Found a sand-covered staircase.
  4237 | Ossuary  | Entered an ossuary
  4269 | Ossuary  | Reached skill level 6 in Ice Magic
  4312 | Ossuary  | HP: 1/48 [centaur zombie (4)]
  4312 | Ossuary  | Slain by a water moccasin zombie

Illustrated notes

Levels and vault maps discovered:
D:1:      denvon_arrival_planthouse, layout_basic, serial_shops, shop,
          serial_park_tiny_1
D:2:      layout_basic, shapermc_ecumenical_altar_pompeii, minmay_tromino_v7
D:3:      layout_loops_corners, minitemple, mainiacjoe_overflow_24_doors,
          serial_shops, nicolae_square_shop, chequers_jeans
D:4:      layout_cave_pools, ebering_ghost_rock_garden, enter_ossuary_5,
          reono_crystal_passage, minivault_19, nicolae_wooded_promenade,
          minmay_misc_feat_room, kennysheep_donut, nicolae_shop_gadgets
Ossuary:  ossuary_zaba_flooded

Skill      XL: |  1  2  3  4  5  6 |
---------------+-------------------+-----
Fighting       | 1 2 3 |  3.9
Ice Magic      | 5 6 |  6.0
Spellcasting   | 3 4 |  4.0
Dodging        | |  2.6
Stealth        | |  2.1

Action                   |  1- 3 |  4- 6 || total
-------------------------+-------+-------++-------
Melee: Hand axe          |    67 |       ||    67
       Dagger            |     9 |   130 ||   139
       Punch             |     1 |     1 ||     2
 Cast: Freeze            |    36 |    27 ||    63
       Frozen Ramparts   |       |    11 ||    11
       Ozocubu's Armour  |       |     1 ||     1
  Use: Potion            |       |     4 ||     4
 Stab: Sleeping          |     4 |     3 ||     7
Armor: Robe              |    40 |    40 ||    80
Dodge: Dodged            |    82 |   119 ||   201
